 Dungeon Crawl Stone Soup version 0.32-a0-329-ge6c31236d6 (webtiles) character file.

Game seed: 17146255533922681489

60 oldriver the Conjurer (level 3, -1/25 (26) HPs)
             Began as a Demonspawn Conjurer on Feb 16, 2024.
             Slain by Terence
             ... wielding the +7 Throatcutter {drain, coup de grace}
              (12 damage)
             ... on level 1 of the Dungeon.
             The game lasted 00:01:17 (1305 turns).

oldriver the Conjurer (Demonspawn Conjurer)         Turns: 1305, Time: 00:01:18

HP:   -1/25 (26)    AC:  2    Str:  7    XL:     3   Next: 82%
MP:   3/7           EV: 12    Int: 26    God:
Gold: 40            SH:  0    Dex: 11    Spells: 6/7 levels left

rFire   . . .        (no weapon)
rCold   . . .        (no shield)
rNeg    . . .        a - +0 robe
rPois   .            (no helmet)
rElec   .            (no cloak)
rCorr   .            (no gloves)
SInv    .            (no boots)
Will    .....        (no amulet)
Stlth   ++           d - +6 ring of intelligence
HPRegen 0.24/turn    (no ring)
MPRegen 0.10/turn

%: no passive effects
@: lightly drained
A: powered by pain 2
a: no special abilities


You were on level 1 of the Dungeon.
You visited 1 branch of the dungeon, and saw 2 of its levels.

You collected 40 gold pieces.

Inventory:

Hand Weapons
 i - a +0 dagger
Armour
 a - a +0 robe (worn)
Jewellery
 d - a +6 ring of intelligence (left hand)
Scrolls
 e - a scroll of identify
 j - a scroll of enchant weapon {unknown}
Potions
 b - a potion of magic
 c - 2 potions of curing
 f - a potion of attraction {unknown}
 g - a potion of heal wounds {unknown}
 h - a potion of ambrosia {unknown}


   Skills:
 + Level 1.3 Fighting
 - Level 1.7 Dodging
 + Level 2.4 Stealth
 * Level 2.9 Spellcasting
 + Level 4.3 Conjurations


You had 6 spell levels left.
You knew the following spells:

 Your Spells              Type           Power      Damage    Failure   Level
a - Magic Dart            Conj           100%       1d8       1%          1

Your spell library contained the following spells:

 Spells                   Type           Power      Damage    Failure   Level
 Searing Ray              Conj           52%        2d6       2%          2
 Fulminant Prism          Conj/Alch      7%         3d7       36%         4
 Iskenderun's Mystic Bla  Conj/Tloc      15%        2d5       36%         4


Dungeon Overview and Level Annotations

Branches:
Dungeon (2/15)

Altars:

Annotations:
D:1 Terence


Innate Abilities, Weirdness & Mutations

You sometimes gain power by taking damage.


Message History

Done exploring.
Done exploring.
Done exploring.
Done exploring.
What level of the Dungeon? (default 1, ? - help)
There is a stone staircase leading down here.
You climb downwards.
Found a scroll labelled QUGUPE TIUBB.
There is a stone staircase leading up here.
A hobgoblin is nearby!
A hobgoblin is nearby!
A hobgoblin is nearby!
A hobgoblin is nearby!
A hobgoblin is nearby!
The magic dart hits the hobgoblin.
You kill the hobgoblin!
You hear a shout!
Terence the Incautious comes into view.
He is wielding the +7 Throatcutter {drain, coup de grace}.
The magic dart hits Terence.
Terence is moderately wounded.
A goblin comes into view. It is wielding a +0 dagger.
The magic dart hits Terence.
Terence is moderately wounded.
The goblin shouts!
The magic dart hits Terence but does no damage.
Terence is moderately wounded.
A quokka comes into view.
Terence shouts, "Now you die!" Terence barely misses you.
There are monsters nearby!
Terence hits you with the +7 Throatcutter {drain, coup de grace}!
You feel drained.
You climb upwards.
There is a stone staircase leading down here.
As you read the scroll labelled QUGUPE TIUBB, it crumbles to dust.
It is a scroll of identify.
c - 2 potions of curing Terence hits you with the +7 Throatcutter {drain, coup de grace}!
You die...
Terence says, "That felt goooood."

######### #.......# ###
###.......# #@### #.........#
#@..# #.#.......# #.#.#
#.#.......###...## #####
#.#.........#.#..####...######
♣♣♣♣♣♣♣......#.#.#.♣.♣.♣.♣.......
.............#...#.........######
♣♣♣♣♣♣♣......#####.♣#♣#♣.♣## #
#........# ##......# #


You could see Terence.

Vanquished Creatures
  3 dart slugs (D:1)
  A ball python (D:1)
  3 bats (D:1)
  4 endoplasms (D:1)
  A giant cockroach (D:1)
  2 goblins (D:1)
  4 hobgoblins
  3 jackals (D:1)
  A quokka (D:1)
  4 frilled lizards (D:1)
  2 kobolds (D:1)
  2 rats (D:1)
30 creatures vanquished.

Notes
Turn   | Place    | Note
-------+----------+-------------------------------------------
     0 | D:1      | oldriver the Demonspawn Conjurer began the quest for the
                  | Orb.
     0 | D:1      | Reached XP level 1. HP: 13/13 MP: 3/3
   147 | D:1      | Gained mutation: You sometimes gain a little power by
                  | taking damage. [demonic ancestry]
   147 | D:1      | Reached XP level 2. HP: 18/20 MP: 0/5
   531 | D:1      | Reached skill level 1 in Fighting
   552 | D:1      | Gained mutation: You sometimes gain power by taking damage.
                  | [demonic ancestry]
   552 | D:1      | Reached XP level 3. HP: 26/26 MP: 0/6
  1299 | D:2      | Noticed Terence
  1305 | D:1      | Slain by Terence

Illustrated notes

Levels and vault maps discovered:
D:1:      amcnicky_arrival_abandoned_market, layout_basic, serial_forest,
          infiniplex_forest_end_double, infiniplex_forest_clump_small,
          infiniplex_forest_lined_2, infiniplex_forest_straight_3,
          chequers_mini_garden, kennysheep_boxes
D:2:      minmay_wonky_spiral, layout_loops_ring, basic_altar, uniq_terence

Skill      XL: |  1  2 |
---------------+-------+-----
Stealth        | 2 |  2.4
Fighting       | 1 |  1.3
Dodging        | |  1.7
Spellcasting   | |  2.9
Conjurations   | |  4.3

Action                     || total
---------------------------++-------
  Melee: Unarmed           ||     7
   Cast: Magic Dart        ||    58
    Use: Scroll            ||     1
 Armour: Robe              ||     6
  Dodge: Dodged            ||    12

Table legend: (Time is in decaauts)
 A = Elapsed time spent in this place.
 B = Non-inter-level travel time spent in this place.
 C = Inter-level travel time spent in this place.
 D = Time resting spent in this place.
 E = Time spent auto-exploring this place.
 F = Levels seen in this place.
 G = Mean time per level.
                   A        B        C        D        E       F      G
               +--------+--------+--------+--------+--------+-----+--------+
         Total |   1304 |   1279 |     25 |     35 |   1049 |   2 |  652.0 |
       Dungeon |   1304 |   1279 |     25 |     35 |   1049 |   2 |  652.0 |
               +--------+--------+--------+--------+--------+-----+--------+

Top non-repeatable levels by time:
     D:1: 1299 daAuts
     D:2: 5 daAuts
